 Dungeon Crawl Stone Soup version 0.31.0-32-g396128a36d (webtiles) character file.

Game seed: 3240248766802385088

3109 monsoonserge the Destroyer (level 9, -2/67 HPs)
             Began as a Gnoll Conjurer on Mar 16, 2024.
             Was an Initiate of Ru.
             Slain by a fire crab (3 damage)
             ... on level 8 of the Dungeon.
             The game lasted 00:25:23 (7390 turns).

monsoonserge the Destroyer (Gnoll Conjurer)         Turns: 7390, Time: 00:25:25

Health: -2/67      AC:  5    Str:  6    XL:     9   Next: 91%
Magic:  1/19       EV: 14    Int: 22    God:    Ru [......]
Gold:   419        SH:  5    Dex: 11    Spells: 15/22 levels left

rFire   + + .        L - +3 falchion (freeze)
rCold   + . .        (no shield)
rNeg    . . .        h - +2 robe {rF+}
rPois   .            (no helmet)
rElec   .            k - scarf {rC+ rF+}
rCorr   .            o - +0 pair of gloves
SInv    .            (no boots)
Will    +....        H - amulet of reflection
Stlth   +++          r - ring of willpower
HPRegen 0.31/turn    (no ring)
MPRegen 0.16/turn

%: reflection
@: lethally poisoned (-2 -> -5), very slightly contaminated
A: fangs 1, strong nose, distributed training
a: Renounce Religion


You were on level 8 of the Dungeon.
You worshipped Ru.
Ru was noncommittal.
You visited 2 branches of the dungeon, and saw 9 of its levels.

You collected 419 gold pieces.

Inventory:

Hand Weapons
 L - a +3 falchion of freezing (weapon)
Missiles
 i - 6 boomerangs (quivered)
Armour
 c - a +0 ring mail
 h - a +2 robe of fire resistance (worn)
 k - a scarf of resistance (worn)
 l - a +0 scale mail
 o - a +0 pair of gloves (worn)
Magical Staves
 D - a staff of conjuration
 I - a staff of fire
Jewellery
 r - a ring of willpower (left hand)
 C - a ring of fire
 E - a ring of ice
 H - an amulet of reflection (around neck)
Wands
 a - a wand of light (12)
 y - a wand of flame (10)
 B - a wand of mindburst (12)
 F - a wand of iceblast (20)
Scrolls
 d - 3 scrolls of noise {unknown}
 e - 3 scrolls of poison {unknown}
 m - a scroll of fear {unknown}
 n - 2 scrolls of revelation {unknown}
 p - a scroll of immolation {unknown}
 t - 2 scrolls of amnesia
 u - 3 scrolls of teleportation {unknown}
 v - a scroll of blinking {unknown}
 A - a scroll of brand weapon {unknown}
Potions
 b - 2 potions of magic
 f - a potion of ambrosia
 g - 2 potions of lignification
 j - 6 potions of curing {unknown}
 q - a potion of cancellation
 s - 4 potions of attraction
 x - 3 potions of might
 G - a potion of heal wounds
 K - a potion of berserk rage {unknown}


   Skills:
 + Level 4.9 Fighting
 + Level 4.9 Short Blades
 + Level 4.9 Long Blades
 + Level 4.9 Axes
 + Level 4.9 Maces & Flails
 + Level 4.9 Polearms
 + Level 4.9 Staves
 + Level 4.9 Ranged Weapons
 + Level 4.9 Throwing
 + Level 4.9 Armour
 + Level 6.7 Dodging
 + Level 6.5 Stealth
 + Level 4.9 Shields
 + Level 4.9 Unarmed Combat
 + Level 7.1 Spellcasting
 + Level 8.2 Conjurations
 + Level 4.0 Hexes
 + Level 4.0 Summonings
 + Level 4.0 Necromancy
 + Level 4.0 Translocations
 + Level 4.0 Fire Magic
 + Level 4.0 Ice Magic
 + Level 4.0 Air Magic
 + Level 4.0 Earth Magic
 + Level 4.0 Alchemy
 + Level 5.3 Invocations
 + Level 4.9 Evocations
 + Level 4.4 Shapeshifting


You had 15 spell levels left.
You knew the following spells:

 Your Spells              Type           Power      Damage    Failure   Level
a - Magic Dart            Conj           100%       1d8       1%          1
b - Searing Ray           Conj           88%        2d7       1%          2
c - Fulminant Prism       Conj/Alch      17%        3d10      6%          4

Your spell library contained the following spells:

 Spells                   Type           Power      Damage    Failure   Level
 Call Imp                 Summ           50%        N/A       2%          2
 Sublimation of Blood     Necr           25%        N/A       2%          2
 Iskenderun's Mystic Bla  Conj/Tloc      34%        2d8       6%          4
 Summon Hydra             Summ           12%        N/A       100%        7


Dungeon Overview and Level Annotations

Branches:
Dungeon (8/15)             Temple (1/1) D:5            Lair (0/5) D:8

Altars:
Ashenzari
Cheibriados
Dithmenos
Elyvilon
Fedhas
Gozag
Hepliaklqana
Kikubaaqudgha
Makhleb
Nemelex Xobeh
Okawaru
Qazlal
Ru
Sif Muna
Trog
Uskayaw
Wu Jian
Xom
Yredelemnul
The Shining One

Shops:
D:3 =

Annotations:
D:7 1 runed translucent door, Crazy Yiuf


Innate Abilities, Weirdness & Mutations

You have very sharp teeth.
Your uncanny sense of smell can sniff out nearby items.
Your experience applies equally to all skills.


Message History

The fire crab completely misses you. The fire crab claws you.
You are engulfed in flames.
You resist.
* * * LOW HITPOINT WARNING * * *
Casting: Fulminant Prism (dangerous; 6% risk of failure)
Confirm with . or Enter, or press ? or * to list all spells.
You don't have enough magic to cast this spell.
Unknown command.
Your +3 falchion of freezing glows with a cold blue light!
L - a +3 falchion of freezing (weapon)
You feel sick.
You closely miss the fire crab.
The fire crab is severely wounded.
You feel sick. The fire crab breathes flames at you.
The blast of flame engulfs you but does no damage.
Your fulminant prism crackles loudly.
Unknown command.
You barely miss the fire crab.
The fire crab is severely wounded.
You are engulfed in blazing flames.
You resist.
* * * LOW HITPOINT WARNING * * *
You feel sick. The fire crab breathes flames at you.
The blast of flame engulfs you but does no damage.
You resist.
Your fulminant prism explodes!
The blast of energy engulfs the fire crab!!
The fire crab is almost dead.
You are mildly poisoned (12 -> 8).
You are very lightly contaminated with residual magic.
Your movement speed is average.
Your attack delay is about 1.0.
Your damage rating with your +3 falchion of freezing is about 12 (Base 8 x 102% (Dex) x 117% (Skill) + 3 (Ench)).
You hit the fire crab but do no damage.
The fire crab is almost dead.
You are engulfed in blazing flames.
You resist.
* * * LOW HITPOINT WARNING * * *
You feel sick. The fire crab barely misses you. The fire crab claws you.
* * * LOW HITPOINT WARNING * * *
You are engulfed in flames.
You resist.
You die...

....'..........>........#
...##........##.........#
.#.#.##.#######.........#
......#.# #.........#
≈≈.≈....# #.#########
≈≈≈≈≈.#.# #.# ≈.§§≈...#
#°# ≈>§≈≈.#.# ##°########
.§≈≈≈...# #°°@t......
≈≈≈≈..## #.°°°°.....
≈≈..... #..°.......
...... #.......... .#.#.
#.....<.... ####
#.......... # ##+########
# #


You could see a fire crab.

Vanquished Creatures
  Pikel (D:7)
  Sigmund (D:4)
  2 wyverns
  A water moccasin (D:6)
  4 ice beasts
  A black bear (D:6)
  4 ogres
  A phantom (D:5)
  3 lemures (D:7)
  Blork the orc (D:6)
  A bullfrog (D:8)
  3 scorpions
  3 wights (D:7)
  A howler monkey (D:8)
  4 jellies
  2 orc priests
  A hound (D:6)
  Ijyb (D:4)
  Terence (D:2)
  2 iguanas (D:4)
  6 orc wizards
  10 adders
  3 gnolls (D:3)
  3 shadow imps
  A ribbon worm (D:2)
  2 dart slugs
  18 orcs
  7 endoplasms
  A giant cockroach (D:4)
  7 hobgoblins
  4 quokkas
  7 ball pythons
  2 bats (D:1)
  A frilled lizard (D:2)
  7 goblins
  7 kobolds
  4 rats (D:2)
128 creatures vanquished.

Vanquished Creatures (others)
  7 fulminant prisms
7 creatures vanquished.

Grand Total: 135 creatures vanquished

Notes
Turn   | Place    | Note
-------+----------+-------------------------------------------
     0 | D:1      | monsoonserge the Gnoll Conjurer began the quest for the
                  | Orb.
     0 | D:1      | Reached XP level 1. HP: 13/13 MP: 6/6
   213 | D:1      | Reached XP level 2. HP: 19/19 MP: 4/7
   262 | D:1      | Learned a level 2 spell: Searing Ray
  1105 | D:2      | Noticed Terence
  1108 | D:2      | Reached skill level 5 in Spellcasting
  1108 | D:2      | Reached XP level 3. HP: 25/25 MP: 3/9
  1114 | D:2      | Killed Terence
  1115 | D:2      | Reached skill level 1 in Fighting
  1115 | D:2      | Reached skill level 1 in Short Blades
  1115 | D:2      | Reached skill level 1 in Long Blades
  1115 | D:2      | Reached skill level 1 in Axes
  1115 | D:2      | Reached skill level 1 in Maces & Flails
  1115 | D:2      | Reached skill level 1 in Polearms
  1115 | D:2      | Reached skill level 1 in Staves
  1115 | D:2      | Reached skill level 1 in Ranged Weapons
  1115 | D:2      | Reached skill level 1 in Throwing
  1115 | D:2      | Reached skill level 1 in Armour
  1115 | D:2      | Reached skill level 1 in Shields
  1115 | D:2      | Reached skill level 1 in Unarmed Combat
  1115 | D:2      | Reached skill level 1 in Invocations
  1115 | D:2      | Reached skill level 1 in Evocations
  1402 | D:2      | Reached skill level 1 in Shapeshifting
  1402 | D:2      | Reached XP level 4. HP: 32/32 MP: 7/11
  1583 | D:2      | Reached skill level 1 in Hexes
  1583 | D:2      | Reached skill level 1 in Summonings
  1583 | D:2      | Reached skill level 1 in Necromancy
  1583 | D:2      | Reached skill level 1 in Translocations
  1583 | D:2      | Reached skill level 1 in Fire Magic
  1583 | D:2      | Reached skill level 1 in Ice Magic
  1583 | D:2      | Reached skill level 1 in Air Magic
  1583 | D:2      | Reached skill level 1 in Earth Magic
  1583 | D:2      | Reached skill level 1 in Alchemy
  2100 | D:3      | Found Uvig's Jewellery Emporium.
  2279 | D:3      | Reached XP level 5. HP: 37/37 MP: 8/12
  3069 | D:4      | Reached XP level 6. HP: 44/44 MP: 5/13
  3240 | D:4      | Reached skill level 5 in Dodging
  3440 | D:4      | Noticed Sigmund
  3450 | D:4      | Killed Sigmund
  3451 | D:4      | Reached XP level 7. HP: 47/51 MP: 2/15
  3822 | D:4      | Noticed Ijyb
  3831 | D:4      | Killed Ijyb
  3832 | D:4      | Reached skill level 5 in Stealth
  3987 | D:5      | Entered Level 5 of the Dungeon
  4270 | D:5      | Reached XP level 8. HP: 58/58 MP: 10/16
  4323 | D:5      | Found a staircase to the Ecumenical Temple.
  4333 | Temple   | Entered the Ecumenical Temple
  4350 | Temple   | Became a worshipper of Ru the Awakened
  5426 | D:6      | Found a glowing golden altar of the Shining One.
  5729 | D:6      | Noticed Blork the orc
  5734 | D:6      | Killed Blork the orc
  5735 | D:6      | Reached XP level 9. HP: 58/65 MP: 10/18
  5807 | D:6      | Learned a level 4 spell: Fulminant Prism
  6264 | D:7      | Reached skill level 8 in Conjurations
  6825 | D:7      | Found a runed translucent door.
  6826 | D:7      | Noticed Crazy Yiuf
  6947 | D:7      | Noticed Pikel
  6953 | D:7      | Killed Pikel
  6954 | D:7      | Reached skill level 5 in Invocations
  7305 | D:8      | Found a staircase to the Lair.
  7376 | D:8      | Noticed a fire crab
  7390 | D:8      | HP: 1/67 [fire crab (4)]
  7390 | D:8      | Slain by a fire crab

Illustrated notes

Levels and vault maps discovered:
D:1:      dpeg_arrival_stonehenge_12_columns, layout_basic
D:2:      layout_loops_ring, uniq_terence
D:3:      layout_basic, serial_shops, nicolae_shop_crystal
D:4:      layout_basic, uniq_ijyb, uniq_sigmund
D:5:      layout_loops_ring, minmay_temple_entry_mist, dreamdust_princess_bridge
D:6:      layout_basic, tso_oasis_becter, kennysheep_generic_room_14,
          uniq_blork_the_orc
D:7:      layout_basic, uniq_pikel, uniq_crazy_yiuf_cottage
D:8:      layout_basic, minmay_lair_entry_lava
Temple:   compressed_dpeg_triangle_lava_temple

Skill      XL: |  1  2  3  4  5  6  7  8  9 |
---------------+----------------------------+-----
Spellcasting   | 5 6 7 |  7.1
Fighting       | 1 2 3 4 |  4.9
Short Blades   | 1 2 3 4 |  4.9
Long Blades    | 1 2 3 4 |  4.9
Axes           | 1 2 3 4 |  4.9
Maces & Flails | 1 2 3 4 |  4.9
Polearms       | 1 2 3 4 |  4.9
Staves         | 1 2 3 4 |  4.9
Ranged Weapons | 1 2 3 4 |  4.9
Throwing       | 1 2 3 4 |  4.9
Armour         | 1 2 3 4 |  4.9
Shields        | 1 2 3 4 |  4.9
Unarmed Combat | 1 2 3 4 |  4.9
Invocations    | 1 2 3 4 5 |  5.3
Evocations     | 1 2 3 4 |  4.9
Shapeshifting  | 1 2 3 4 |  4.4
Hexes          | 1 2 3 4 |  4.0
Summonings     | 1 2 3 4 |  4.0
Necromancy     | 1 2 3 4 |  4.0
Translocations | 1 2 3 4 |  4.0
Fire Magic     | 1 2 3 4 |  4.0
Ice Magic      | 1 2 3 4 |  4.0
Air Magic      | 1 2 3 4 |  4.0
Earth Magic    | 1 2 3 4 |  4.0
Alchemy        | 1 2 3 4 |  4.0
Dodging        | 5 6 |  6.7
Stealth        | 5 6 |  6.5
Conjurations   | 8 |  8.2

Action                     |  1- 3 |  4- 6 |  7- 9 || total
---------------------------+-------+-------+-------++-------
  Melee: Short sword       |     5 |     7 |       ||    12
         Bite              |     1 |       |     1 ||     2
         Staff             |       |       |     3 ||     3
         Falchion          |       |       |     3 ||     3
   Cast: Magic Dart        |    11 |       |       ||    11
         Searing Ray       |    16 |    41 |    55 ||   112
         Fulminant Prism   |       |       |     7 ||     7
 Invoke: Reject Sacrifices |       |       |     1 ||     1
    Use: Scroll            |       |     5 |     3 ||     8
 Armour: Ring mail         |     2 |    13 |    20 ||    35
         Robe              |       |       |    20 ||    20
  Dodge: Dodged            |     2 |    21 |    26 ||    49
  Block: Other             |       |       |     7 ||     7
